 Dungeon Crawl Stone Soup version 0.19.0-2-gae57169 (webtiles) character file.

141 PhynixH2O the Charmwright (level 5, -9/39 HPs)
             Began as a Merfolk Skald on Nov 2, 2016.
             Mangled by an ogre
             ... wielding a +0 giant club
              (12 damage)
             ... on level 6 of the Dungeon.
             The game lasted 00:12:26 (2602 turns).

PhynixH2O the Charmwright (Merfolk Skald)           Turns: 2602, Time: 00:12:27

Health: -9/39      AC:  9    Str: 10 (13) XL:     5   Next: 24%
Magic:  1/9        EV: 11    Int: 10 (11) God:
Gold:   86         SH:  0    Dex: 12 (14) Spells: 2 memorised, 7 levels left

rFire  . . .     SeeInvis .     a - +0 spear
rCold  . . .     Gourm    .     b - +0 leather armour
rNeg   . . .     Faith    .     (no shield)
rPois  .         Spirit   .     i - +2 hat
rElec  .         Reflect  .     (no cloak)
rCorr  .         Harm     .     o - +0 pair of gloves
MR     .....                    k - +2 pair of boots
Stlth  +.........               (no amulet)
                                (no ring)
                                (no ring)

@: liquid flames, glowing
A: change form in water, swift swim, stealthy swim
a: no special abilities


You were on level 6 of the Dungeon.
You were not hungry.

You visited 1 branch of the dungeon, and saw 4 of its levels.

You collected 86 gold pieces.

Inventory:

Hand Weapons
 a - a +0 spear (weapon)
Armour
 b - a +0 leather armour (worn)
 i - a +2 hat (worn)
 k - a +2 pair of boots (worn)
 o - a +0 pair of gloves (worn)
Scrolls
 f - a scroll of remove curse
Potions
 n - 2 potions of degeneration
Books
 c - a book of Battle

   Spells                             Type                      Level
   a - Infusion                       Charms                       1
   b - Shroud of Golubria             Charms/Translocation         2
   c - Song of Slaying                Charms                       2
   d - Spectral Weapon                Hexes/Charms                 3
   e - Regeneration                   Charms/Necromancy            3
Comestibles
 d - 4 bread rations
 g - a beef jerky
 h - 2 meat rations


   Skills:
 - Level 2.4 Fighting
 + Level 4.7 Polearms
 - Level 0.6 Armour
 - Level 1.3 Dodging
 + Level 3.0 Spellcasting
 + Level 4.7 Charms


You had 7 spell levels left.
You knew the following spells:

 Your Spells              Type           Power        Failure   Level  Hunger
a - Infusion              Chrm           ##..         6%          1    #......
b - Shroud of Golubria    Chrm/Tloc      #.........   24%         2    ###....


Dungeon Overview and Level Annotations

Branches:
Dungeon (3/15)

Altars:
Hepliaklqana
Xom
Zin


Message History

Your Spellcasting skill increases to level 3!
You feel sick.
You are no longer poisoned.
An ogre comes into view. It is wielding a giant club.
As you read the scroll labeled OFUSHR PEUSMAGA, it crumbles to dust.
It is a scroll of identify.
You don't have any unidentified items.
An ogre opens the door.
A mottled dragon comes into view.
You are no longer magically infusing your attacks.
The mottled dragon breathes sticky fire at you.
The sticky flame hits you!
You are covered in liquid flames!
* * * LOW HITPOINT WARNING * * *
You hit the ogre.
The ogre is lightly wounded.
You are covered in liquid flames!
* * * LOW HITPOINT WARNING * * *
The ogre hits you with a giant club!
You die...

...........+
#.....#
#.....#
#..?..# .
#.....# ..
#.....##...
+..O..'...
####.....#
#..D..@O.#
#.######## #


You could see a mottled dragon and 2 ogres.

Vanquished Creatures
  Robin (D:2)
  A howler monkey zombie (D:6)
  An adder (D:2)
  An ooze (D:1)
  2 worms (D:3)
  A dart slug (D:2)
  3 leopard geckos
  6 orcs (D:3)
  3 ball pythons (D:1)
  13 bats
  2 giant cockroaches (D:1)
  16 goblins
  11 hobgoblins
  4 jackals (D:1)
  A quokka (D:3)
  4 frilled lizards
  A jackal skeleton (D:6)
  8 kobolds
  4 rats
83 creatures vanquished.

Notes
Turn   | Place    | Note
-------+----------+-------------------------------------------
     0 | D:1      | PhynixH2O the Merfolk Skald began the quest for the Orb.
     0 | D:1      | Reached XP level 1. HP: 16/16 MP: 3/3
   277 | D:1      | Reached XP level 2. HP: 23/23 MP: 5/5
   573 | D:1      | Reached XP level 3. HP: 16/28 MP: 6/6
   837 | D:1      | Learned a level 2 spell: Shroud of Golubria
   854 | D:2      | Noticed Robin
   870 | D:2      | Killed Robin
   879 | D:1      | Reached XP level 4. HP: 13/34 MP: 1/7
  1777 | D:2      | Found a glowing silver altar of Zin.
  1916 | D:3      | Found a shimmering altar of Xom.
  2401 | D:3      | Found a hazy altar of Hepliaklqana.
  2516 | D:3      | Reached XP level 5. HP: 39/39 MP: 6/9
  2575 | D:3      | You fall through a shaft for 3 floors!
  2596 | D:6      | Noticed an ogre
  2599 | D:6      | Noticed a mottled dragon
  2599 | D:6      | Noticed an ogre
  2602 | D:6      | Mangled by an ogre

Skill      XL: |  1  2  3  4  5 |
---------------+----------------+-----
Charms         | 4 |  4.7
Polearms       | 4 |  4.7
Spellcasting   | 3 |  3.0
Fighting       | |  2.4
Armour         | |  0.6
Dodging        | |  1.3

Action                   |  1- 3 |  4- 6 || total
-------------------------+-------+-------++-------
Melee: Spear             |   118 |   149 ||   267
 Cast: Infusion          |     6 |    15 ||    21
  Use: Scroll            |     3 |     3 ||     6
       Potion            |     1 |     4 ||     5
 Stab: Sleeping          |     1 |       ||     1
       Distracted        |     1 |       ||     1
  Eat: Chunk             |       |     6 ||     6
Armor: Leather armour    |    29 |    41 ||    70
Dodge: Dodged            |    56 |    61 ||   117
